 Dungeon Crawl Stone Soup version 0.23.2-40-g277498a001 (webtiles) character file.

Game seed: 3714167069764267590

449 WisperLight the Chopper (level 7, 0/61 HPs)
             Began as a Hill Orc Fighter on Oct 6, 2019.
             Slain by Duvessa
             ... wielding a +0 short sword
              (7 damage)
             ... on level 5 of the Dungeon.
             The game lasted 00:08:09 (3289 turns).

WisperLight the Chopper (Hill Orc Fighter)          Turns: 3289, Time: 00:08:09

Health: 0/61       AC: 12    Str: 21    XL:     7   Next: 4%
Magic:  7/7        EV:  5    Int:  8    God:
Gold:   110        SH:  9    Dex: 10    Spells: 6/6 levels left

rFire    . . .     SeeInvis .   a - +0 war axe
rCold    . . .     Gourm    .   c - +0 shield
rNeg     . . .     Faith    .   u - +0 chain mail
rPois    .         Spirit   .   (no helmet)
rElec    .         Reflect  .   (no cloak)
rCorr    .         Harm     .   h - +0 pair of gloves
MR       .....                  k - +0 pair of boots
Stlth    ..........             (no amulet)
HPRegen  0.20/turn              (no ring)
MPRegen  0.10/turn              (no ring)

@: no status effects
A: no striking features
a: no special abilities


You were on level 5 of the Dungeon.
You were not hungry.

You visited 1 branch of the dungeon, and saw 5 of its levels.

You collected 110 gold pieces.

Inventory:

Hand Weapons
 a - a +0 war axe (weapon)
Armour
 c - a +0 shield (worn)
 h - a +0 pair of gloves (worn)
 k - a +0 pair of boots (worn)
 u - a +0 chain mail (worn)
Jewellery
 j - an uncursed ring of poison resistance {unknown}
 p - a +3 ring of dexterity {unknown}
 q - an uncursed ring of protection from cold {unknown}
 s - an uncursed amulet of guardian spirit {unknown}
 t - an uncursed ring of protection from fire {unknown}
Wands
 x - a wand of enslavement (1)
Scrolls
 b - 5 scrolls of identify {unknown}
 e - 2 scrolls of teleportation {unknown}
 g - 2 scrolls of fear {unknown}
 i - 2 scrolls of magic mapping {unknown}
 w - a scroll of random uselessness {unknown}
Potions
 d - a potion of might
 l - a potion of flight {unknown}
 m - 2 potions of degeneration {unknown}
 n - a potion of lignification {unknown}
 o - 3 potions of heal wounds {unknown}
 r - a potion of invisibility {unknown}
 v - a potion of curing {unknown}
 z - a potion of brilliance {unknown}
Comestibles
 f - 2 rations


   Skills:
 + Level 5.5 Fighting
 * Level 7.1 Axes
 + Level 5.0 Armour
 - Level 3.2 Shields


You had 6 spell levels left.
You didn't know any spells.
Your spell library was empty.

Dungeon Overview and Level Annotations

Branches:
Dungeon (5/15)
 Temple: D:4-7

Altars:
Elyvilon
Gozag
Hepliaklqana
Trog
Yredelemnul
Zin

Annotations:
D:5 Duvessa


Message History

You hit Duvessa but do no damage.
Duvessa is heavily wounded.
Duvessa hits you with a +0 short sword!
You hit Duvessa but do no damage.
Duvessa is heavily wounded.
Duvessa hits you with a +0 short sword!
* * * LOW HITPOINT WARNING * * *
You block Duvessa's attack.
Your chain mail prevents you from hitting Duvessa.
Duvessa is heavily wounded.
Duvessa hits you with a +0 short sword!
* * * LOW HITPOINT WARNING * * *
Duvessa hits you but does no damage.
You hit Duvessa.
Duvessa is heavily wounded.
You block Duvessa's attack.
You hit Duvessa but do no damage.
Duvessa is heavily wounded.
Duvessa hits you but does no damage. Duvessa hits you with a +0 short sword!
You die...

##..##♣ ♣##.## #..#
#..# ### ##.# ...
#.## #.. ##..## ##..
#....#### #.#.##
♣##......... #....###
###..##.....#
#....)@###...##
.....#
......#e......#
...### #....
#...###.......#
...!................#
#..%..#..>#####>....#
#.....###.# ...##
..... #.# .#!.. ##$#
#.# #### #. #.#


You could see Duvessa (berserk).

Vanquished Creatures
  An ogre (D:4)
  Dowan (D:5)
  A hound (D:4)
  A bullfrog skeleton (D:4)
  An iguana (D:4)
  Ijyb (D:3)
  A worker ant (D:4)
  8 adders
  An ooze (D:2)
  3 worms
  5 dart slugs
  4 leopard geckos
  5 orcs
  A ball python (D:1)
  10 giant cockroaches
  11 goblins
  5 hobgoblins
  3 jackals
  2 kobolds
  9 bats
  3 frilled lizards
  A quokka skeleton (D:4)
  5 rats
83 creatures vanquished.

Notes
Turn   | Place    | Note
-------+----------+-------------------------------------------
     0 | D:1      | WisperLight the Hill Orc Fighter began the quest for the
                  | Orb.
     0 | D:1      | Reached XP level 1. HP: 19/19 MP: 1/1
    98 | D:1      | Reached skill level 3 in Axes
   117 | D:1      | Reached XP level 2. HP: 25/27 MP: 2/2
   448 | D:1      | Reached XP level 3. HP: 30/33 MP: 3/3
   678 | D:2      | Reached skill level 4 in Axes
   774 | D:2      | Reached XP level 4. HP: 36/40 MP: 4/4
  1028 | D:2      | Found a basalt altar of Yredelemnul.
  1028 | D:2      | Found an opulent altar of Gozag.
  1060 | D:2      | Found a glowing silver altar of Zin.
  1063 | D:2      | Found a bloodstained altar of Trog.
  1065 | D:2      | Found a white marble altar of Elyvilon.
  1597 | D:3      | Found a glowing drain.
  1785 | D:3      | Noticed Ijyb
  1820 | D:3      | Killed Ijyb
  1820 | D:3      | Reached skill level 5 in Axes
  1820 | D:3      | Reached XP level 5. HP: 45/47 MP: 5/5
  2280 | D:4      | Reached skill level 5 in Fighting
  2280 | D:4      | Reached skill level 6 in Axes
  2280 | D:4      | Reached XP level 6. HP: 17/56 MP: 6/6
  2616 | D:4      | Found a hazy altar of Hepliaklqana.
  3238 | D:5      | Entered Level 5 of the Dungeon
  3270 | D:5      | Noticed Duvessa
  3271 | D:5      | Noticed Dowan
  3283 | D:5      | Killed Dowan
  3283 | D:5      | Reached skill level 7 in Axes
  3283 | D:5      | Reached skill level 5 in Armour
  3283 | D:5      | Reached XP level 7. HP: 38/61 MP: 7/7
  3289 | D:5      | Slain by Duvessa

Skill      XL: |  1  2  3  4  5  6 |
---------------+-------------------+-----
Axes           | 3 4 5 6 7 |  7.1
Fighting       | 4 5 |  5.5
Armour         | 4 5 |  5.0
Shields        | |  3.2

Action                   |  1- 3 |  4- 6 |  7- 9 || total
-------------------------+-------+-------+-------++-------
Melee: War axe           |    81 |   203 |     6 ||   290
  Eat: Ration            |       |     2 |       ||     2
       Chunk             |       |     1 |       ||     1
Armor: Scale mail        |    56 |    26 |       ||    82
       Chain mail        |       |   142 |     1 ||   143
Dodge: Dodged            |    36 |    63 |     1 ||   100
Block: Shield            |    62 |   144 |     4 ||   210
